 Dungeon Crawl Stone Soup version 0.30-a0-29-g142975f185 (webtiles) character file.

Game seed: 914598802061479096

43 timneilson the Covered (level 3, -2/23 HPs)
             Began as a Gargoyle Fighter on Aug 26, 2022.
             Slain by a gnoll
             ... wielding a +0 spear
              (4 damage)
             ... on level 2 of the Dungeon.
             The game lasted 00:02:01 (1411 turns).

timneilson the Covered (Gargoyle Fighter)           Turns: 1411, Time: 00:02:01

Health: -2/23      AC: 10    Str: 21    XL:     3   Next: 58%
Magic:  3/3        EV:  9    Int:  8    God:
Gold:   51         SH:  4    Dex:  9    Spells: 2/2 levels left

rFire   . . .      SeeInvis .    a - +1 long sword
rCold   . . .      Faith    .    c - +0 buckler
rNeg    + . .      Spirit   .    b - +0 scale mail
rPois   ∞          Reflect  .    (no helmet)
rElec   +          Harm     .    (no cloak)
rCorr   .          Rampage  .    (no gloves)
Will    .....                    (no boots)
Stlth   ..........               (no amulet)
HPRegen 0.07/turn                (no ring)
MPRegen 0.08/turn                (no ring)

@: mighty
A: sickness immunity, AC +3, negative energy resistance 1, electricity
resistance, torment resistance 1, petrification resistance
a: no special abilities


You were on level 2 of the Dungeon.
You visited 1 branch of the dungeon, and saw 2 of its levels.

You collected 51 gold pieces.

Inventory:

Hand Weapons
 a - a +1 long sword (weapon)
Armour
 b - a +0 scale mail (worn)
 c - a +0 buckler (worn)
 j - a +0 plate armour
Scrolls
 f - 2 scrolls of teleportation {unknown}
 h - 3 scrolls of vulnerability {unknown}
Potions
 e - a potion of curing
 g - a potion of berserk rage {unknown}


   Skills:
 + Level 3.5 Fighting
 * Level 2.3 Long Blades
 * Level 3.8 Armour
 + Level 0.3 Dodging
 * Level 3.7 Shields


You had 2 spell levels left.
You didn't know any spells.
Your spell library contained the following spells:

 Spells                   Type           Power      Damage    Failure   Level
 Beastly Appendage        Tmut           0%         N/A       83%         1
 Summon Small Mammal      Summ           0%         N/A       83%         1
 Wereblood                Tmut           0%         N/A       93%         2
 Call Canine Familiar     Summ           0%         N/A       99%         3
 Spider Form              Tmut/Pois      0%         N/A       99%         3
 Summon Guardian Golem    Hex/Summ       0%         N/A       99%         3


Dungeon Overview and Level Annotations

Branches:
Dungeon (2/15)

Altars:


Innate Abilities, Weirdness & Mutations

You are immune to sickness and miasma.
Your stone body is resilient. (AC +3)
You are immune to poison.
You resist negative energy. (rN+)
You are resistant to electric shocks. (rElec)
You are resistant to unholy torment.
You are immune to petrification.


Message History

No target in view!
No target in view!
No target in view!
No target in view!
No target in view!
No target in view!
No target in view!
No target in view!
No target in view!
No target in view!
No target in view!
You see here a hobgoblin corpse.
A gnoll comes into view. It is wielding a +0 spear.
Found 4 stones.
The gnoll shouts!
The gnoll moves out of view.
A gnoll comes into view. It is wielding a +0 club.
The gnoll shouts!
You feel very mighty all of a sudden. The gnoll barely misses you.
The gnoll hits you from afar with a +0 spear.
You barely miss the gnoll. The gnoll hits you with a +0 club.
The gnoll hits you from afar with a +0 spear!
You slash the gnoll!
The gnoll is heavily wounded.
The gnoll hits you from afar with a +0 spear.
The gnoll hits you with a +0 club.
* * * LOW HITPOINT WARNING * * *
You barely miss the gnoll.
The gnoll is heavily wounded.
A gnoll comes into view. It is wielding a +0 flail.
The gnoll hits you but does no damage.
The gnoll hits you from afar with a +0 spear.
* * * LOW HITPOINT WARNING * * *
The gnoll shouts!
You slash the gnoll!
You kill the gnoll!
The gnoll barely misses you.
The gnoll hits you from afar with a +0 spear.
You die...

#.# # ############# #.# #
#...........# #.######
#.#########.#####.#.....
#.#... #.......#....†
#.#.#####.##############
#.........# ..
#######.#######.##.########.
........gg)@.......##...#...
#####...#######.#####..##.#.
#.........# #†.##.#.
#..######.#.. #....... #..#
#.###.....#. #..#
###.........#. #g.#
.......<###.#. #.g#
#######.# ..#. #..# ..# ....


You could see 2 gnolls.

Vanquished Creatures
  A gnoll (D:2)
  2 worms (D:2)
  An endoplasm (D:1)
  3 giant cockroaches
  4 goblins
  2 hobgoblins (D:2)
  3 quokkas
  2 ball pythons (D:1)
  7 bats
  5 frilled lizards
  4 kobolds
  4 rats
38 creatures vanquished.

Notes
Turn   | Place    | Note
-------+----------+-------------------------------------------
     0 | D:1      | timneilson the Gargoyle Fighter began the quest for the
                  | Orb.
     0 | D:1      | Reached XP level 1. HP: 14/14 MP: 1/1
   219 | D:1      | Reached XP level 2. HP: 19/19 MP: 2/2
   556 | D:1      | Found a faded altar of an unknown god.
   920 | D:2      | Reached XP level 3. HP: 23/23 MP: 3/3
  1411 | D:2      | Slain by a gnoll

Illustrated notes

Levels and vault maps discovered:
D:1:      denvon_arrival_planthouse, layout_loops_ring,
          shapermc_ecumenical_altar_pompeii, st_stairs_14
D:2:      layout_basic

Skill      XL: |  1  2 |
---------------+-------+-----
Long Blades    | 2 |  2.3
Fighting       | |  3.5
Armour         | |  3.8
Dodging        | |  0.3
Shields        | |  3.7

Action                   || total
-------------------------++-------
Melee: Long sword        ||   100
  Use: Scroll            ||     3
       Potion            ||     1
Armor: Scale mail        ||    41
Dodge: Dodged            ||    43
Block: Buckler           ||    25

Table legend: (Time is in decaauts)
 A = Elapsed time spent in this place.
 B = Non-inter-level travel time spent in this place.
 C = Inter-level travel time spent in this place.
 D = Time resting spent in this place.
 E = Time spent auto-exploring this place.
 F = Levels seen in this place.
 G = Mean time per level.
                   A        B        C        D        E       F      G
               +--------+--------+--------+--------+--------+-----+--------+
         Total |   1444 |   1399 |     45 |      0 |   1128 |   2 |  722.0 |
       Dungeon |   1444 |   1399 |     45 |      0 |   1128 |   2 |  722.0 |
               +--------+--------+--------+--------+--------+-----+--------+

Top non-repeatable levels by time:
     D:1: 897 daAuts
     D:2: 547 daAuts
